 Dungeon Crawl Stone Soup version 0.28.0-45-g0d030f2227 (webtiles) character file.

Game seed: 16823490533914404971

132 Peloso the Covered (level 4, 0/41 HPs)
             Began as a Minotaur Fighter on Apr 10, 2022.
             Slain by Pikel
             ... wielding a +1 whip of electrocution
              (5 damage)
             ... on level 4 of the Dungeon.
             The game lasted 00:03:21 (2070 turns).

Peloso the Covered (Minotaur Fighter)               Turns: 2070, Time: 00:03:21

Health: 0/41       AC:  7    Str: 21    XL:     4   Next: 92%
Magic:  3/3        EV:  9    Int:  5    God:
Gold:   136        SH:  4    Dex: 11    Spells: 3/3 levels left

rFire   . . .      SeeInvis .   a - +0 long sword
rCold   . . .      Faith    .   c - +0 buckler
rNeg    . . .      Spirit   .   b - +0 scale mail
rPois   .          Reflect  .   (helmet restricted)
rElec   .          Harm     .   (no cloak)
rCorr   .          Rampage  .   (no gloves)
Will    .....                   (no boots)
Stlth   ..........              m - amulet of regeneration
HPRegen 0.93/turn               (no ring)
MPRegen 0.08/turn               (no ring)

@: no status effects
A: horns 2, retaliatory headbutt
a: no special abilities


You were on level 4 of the Dungeon.
You visited 1 branch of the dungeon, and saw 4 of its levels.

You collected 136 gold pieces.

Inventory:

Hand Weapons
 a - a +0 long sword (weapon)
Armour
 b - a +0 scale mail (worn)
 c - a +0 buckler (worn)
Jewellery
 m - an amulet of regeneration (around neck)
Wands
 o - a wand of digging (4)
Scrolls
 f - 2 scrolls of teleportation {unknown}
 g - 2 scrolls of identify {unknown}
 h - a scroll of summoning {unknown}
 i - a scroll of amnesia {unknown}
 n - a scroll of fear {unknown}
 p - a scroll of vulnerability {unknown}
Potions
 d - a potion of might
 e - a potion of curing {unknown}
 j - a potion of brilliance {unknown}
 k - 2 potions of ambrosia {unknown}
 l - 2 potions of heal wounds {unknown}
 q - a potion of flight {unknown}


   Skills:
 + Level 4.5 Fighting
 + Level 4.2 Long Blades
 + Level 4.5 Armour
 + Level 0.9 Dodging
 + Level 0.1 Stealth
 + Level 4.0 Shields


You had 3 spell levels left.
You didn't know any spells.
Your spell library contained the following spells:

 Spells                   Type           Power      Damage    Failure   Level
 Shock                    Conj/Air       0%         1d3       88%         1
 Swiftness                Air            0%         N/A       99%         3
 Airstrike                Air            0%         N/A       100%        4


Dungeon Overview and Level Annotations

Branches:
Dungeon (4/15)
 Temple: D:4-7

Altars:

Shops:
D:2 *

Annotations:
D:4 Pikel


Innate Abilities, Weirdness & Mutations

You have a pair of horns on your head.
You reflexively headbutt those who attack you in melee.


Message History

An orc is nearby!
There is an open door here.
You block the orc's attack.
You barely miss the orc. You headbutt the orc, but do no damage.
The orc hits you with a +0 flail.
You closely miss the orc. You block the orc's attack.
You slash the orc!
You kill the orc!
You see here a +0 flail.
You now have 136 gold pieces (gained 14).
You open the door.
Pikel and 3 lemures come into view.
Pikel is wielding a +1 whip of electrocution.
Pikel shouts!
The lemure shouts! x2; You hear a shout!
The lemure moves out of view.
There are monsters nearby!
There are monsters nearby!
A lemure comes into view.
There is an open door here.
You hit Pikel. You headbutt Pikel.
Pikel is lightly wounded.
The lemure hits you.
Pikel hits you with a +1 whip of electrocution!
The lemure hits you but does no damage.
You hit Pikel but do no damage.
Pikel is lightly wounded.
You block Pikel's attack. You block the lemure's attack.
Pikel hits you with a +1 whip of electrocution!
You are electrocuted!
* * * LOW HITPOINT WARNING * * *
You barely miss Pikel.
Pikel is lightly wounded.
The lemure hits you!
* * * LOW HITPOINT WARNING * * *
You block Pikel's attack.
You slash Pikel!
Pikel is moderately wounded.
The lemure hits you but does no damage.
Pikel hits you with a +1 whip of electrocution.
You die...

# #.#####.#.####.# #
#.........####.# #####
##........# # (#
###'###### .# .# ##...##
#.# .### ##...).## #.# #
...# ##.......###.# ..#
...####.........#5#.....
......+.........@K5#
...####.........###.#
...# ##.......## .#.#
##.....## .#.# ##...##
...# ##+## .###
<######## ........#


You could see Pikel and 2 lemures.

Vanquished Creatures
  An orc wizard (D:2)
  3 adders
  An adder skeleton (D:4)
  3 worms
  6 orcs
  5 bats
  5 endoplasms
  3 goblins
  3 hobgoblins
  6 jackals
  A quokka (D:2)
  8 ball pythons
  3 frilled lizards
  6 kobolds
  7 rats
61 creatures vanquished.

Vanquished Creatures (others)
  6 plants (D:2)
6 creatures vanquished.

Grand Total: 67 creatures vanquished

Notes
Turn   | Place    | Note
-------+----------+-------------------------------------------
     0 | D:1      | Peloso the Minotaur Fighter began the quest for the Orb.
     0 | D:1      | Reached XP level 1. HP: 19/19 MP: 0/0
   214 | D:1      | Reached XP level 2. HP: 27/27 MP: 1/1
   704 | D:1      | Found a faded altar of an unknown god.
  1038 | D:2      | Found Tuiczurgh's General Store.
  1139 | D:2      | Reached XP level 3. HP: 30/33 MP: 2/2
  1660 | D:3      | Reached XP level 4. HP: 40/40 MP: 3/3
  2065 | D:4      | Noticed Pikel
  2065 | D:4      | Noticed a lemure
  2065 | D:4      | Noticed a lemure
  2065 | D:4      | Noticed a lemure
  2066 | D:4      | Noticed a lemure
  2070 | D:4      | Slain by Pikel

Illustrated notes

Levels and vault maps discovered:
D:1:      wander_arrival_lonely_grave, layout_basic,
          dreamdust_ecumenical_altar_hidden_monk_grotto
D:2:      layout_rooms, serial_shops,
          nicolae_shop_temple_entry_statues_fountains, minivault_11,
          chequers_serial_rivers_micro_d, serial_bayou_lagoon_a
D:3:      layout_rooms
D:4:      layout_loops_corners, uniq_pikel, uniq_duvessa

Skill      XL: |  1  2  3  4 |
---------------+-------------+-----
Armour         | 4 |  4.5
Fighting       | 4 |  4.5
Long Blades    | 3 4 |  4.2
Shields        | 4 |  4.0
Dodging        | |  0.9
Stealth        | |  0.1

Action                   |  1- 3 |  4- 6 || total
-------------------------+-------+-------++-------
Melee: Long sword        |    93 |    39 ||   132
       Headbutt          |     7 |     9 ||    16
Armor: Scale mail        |    55 |    29 ||    84
Dodge: Dodged            |    45 |    16 ||    61
Block: Buckler           |    15 |    12 ||    27
